 Dungeon Crawl Stone Soup version 0.22.1-1-ga44c0e56f4 (webtiles) character file.

199056 Morbidden the Markscentaur (level 17, -9/170 HPs)
             Began as a Centaur Hunter on Oct 22, 2018.
             Was the Champion of Okawaru.
             Killed from afar by Ziowah's ghost (70 damage)
             ... with a fireball
             ... on level 2 of the Vaults on Oct 23, 2018.
             The game lasted 01:34:20 (30314 turns).

Morbidden the Markscentaur (Centaur Hunter)        Turns: 30314, Time: 01:34:21

Health: -9/170     AC: 30    Str: 22    XL:     17   Next: 83%
Magic:  22/22      EV:  5    Int: 10    God:    Okawaru [******]
Gold:   1057       SH:  3    Dex: 10    Spells: 16/16 levels left

rFire    . . .     SeeInvis +   a - +4 longbow (freeze)
rCold    . . .     Gourm    .   (shield currently unavailable)
rNeg     . . .     Faith    .   w - +2 plate armour {rPois}
rPois    +         Spirit   .   v - +3 crown of Dyrovepreva {rElec Int+2 SInv}
rElec    +         Reflect  +   o - scarf {repulsion}
rCorr    +         Harm     .   E - +2 pair of gloves of Okawaru's Indignation {+Inv rCorr}
MR       +....                  B - +2 centaur barding {Fly}
Stlth    ..........             N - +3 amulet of reflection
HPRegen  0.38/turn              t - +4 ring of slaying
MPRegen  0.18/turn              S - +5 ring of slaying

@: flying, studying Stealth, drained, repel missiles, very quick
A: large, hooves 3, deformed body, dopey 1, speed 2, electricity resistance,
tough skin 3, wild magic 1
}: 1/15 runes: gossamer
a: Heroism, Finesse, Renounce Religion, Evoke Invisibility


You were on level 2 of the Vaults.
You worshipped Okawaru.
Okawaru was exalted by your worship.
You were hungry.

You visited 6 branches of the dungeon, and saw 30 of its levels.
You also visited: Sewer and Ice Cave.

You collected 3858 gold pieces.
You spent 2801 gold pieces at shops.

Inventory:

Hand Weapons
 a - a +4 longbow of freezing (weapon)
 b - a +0 executioner's axe
 I - the +4 battleaxe of Doors {flame, +Rage Int+4 Stlth+}
   (Okawaru gifted it to you on level 2 of the Vaults)

   It has been specially enchanted to burn those struck by it, causing extra
   injury to most foes and up to half again as much damage against particularly
   susceptible opponents.
   Big, fiery blades are also staple armaments of hydra-hunters.
   It affects your intelligence (+4).
   It lets you go berserk.
   It makes you more stealthy.
Missiles
 p - 28 tomahawks
 r - 459 arrows (quivered)
 x - 7 tomahawks of returning
Armour
 o - a scarf of repulsion (worn)
 v - the +3 crown of Dyrovepreva (worn) {rElec Int+2 SInv}
   (You bought it in a shop on level 2 of the Orcish Mines)

   It affects your intelligence (+2).
   It insulates you from electricity.
   It lets you see invisible.
 w - a +2 plate armour of poison resistance (worn)
 B - a +2 centaur barding of flying (worn)
 E - the +2 pair of gloves of Okawaru's Indignation (worn) {+Inv rCorr}
   (Okawaru gifted it to you on level 14 of the Dungeon)

   It lets you turn invisible.
   It provides partial protection from all sources of acid and corrosion.
Jewellery
 s - the ring "Umiar" {rF+ Str+5}
   (You found it on level 2 of the Orcish Mines)

   [ring of protection from fire]

   It affects your strength (+5).
   It protects you from fire.
 t - a +4 ring of slaying (left hand)
 u - an uncursed ring of protection from cold
 N - a +3 amulet of reflection (around neck)
 S - a +5 ring of slaying (right hand)
Wands
 j - a wand of acid (10)
 A - a wand of digging (9)
 M - a wand of disintegration (10)
 R - a wand of scattershot (4)
 T - a wand of iceblast (36)
 X - a wand of clouds (3)
Scrolls
 c - 2 scrolls of summoning
 k - 15 scrolls of remove curse
 l - 8 scrolls of amnesia
 n - a scroll of enchant weapon
 y - a scroll of fear
 z - 4 scrolls of blinking
 C - 14 scrolls of teleportation
 D - 6 scrolls of enchant armour
 K - 2 scrolls of vulnerability
 O - 2 scrolls of magic mapping
 Q - 2 scrolls of identify
 U - a scroll of random uselessness {unknown}
 W - 5 scrolls of fog
 Y - a scroll of holy word
Potions
 d - 6 potions of resistance
 e - 4 potions of might
 g - a potion of cancellation
 h - a potion of magic
 i - 7 potions of flight
 m - 6 potions of brilliance
 q - 9 potions of curing
 F - 4 potions of mutation
 H - a potion of lignification
 J - a potion of invisibility
 L - 6 potions of ambrosia
 P - 3 potions of haste
 Z - a potion of agility
Books
 V - a manual of Stealth
Miscellaneous
 G - a lightning rod (4/4)
Comestibles
 f - 40 rations


   Skills:
 + Level 19.9(19.6) Fighting
 * Level 5.1(4.9) Axes
 - Level 20.0(19.7) Bows
 * Level 12.1(11.8) Armour
 * Level 6.2(6.0) Dodging
 - Level 0.4(0.2) Stealth
 - Level 7.5(7.3) Invocations


You had 16 spell levels left.
You didn't know any spells.
Your spell library contained the following spells:

 Spells                   Type           Power        Failure   Level  Hunger
 Apportation              Tloc           #.....       99%         1    ##.....
 Confusing Touch          Hex            #.....       99%         1    ##.....
 Corona                   Hex            #......      99%         1    ##.....
 Flame Tongue             Conj/Fire      #....        99%         1    ##.....
 Freeze                   Ice            #...         99%         1    ##.....
 Infusion                 Chrm           #...         99%         1    ##.....
 Magic Dart               Conj           #...         99%         1    ##.....
 Sandblast                Erth           #.....       99%         1    ##.....
 Shock                    Conj/Air       #...         99%         1    ##.....
 Summon Butterflies       Summ           #.......     99%         1    ##.....
 Blink                    Tloc           N/A          100%        2    ###....
 Call Imp                 Summ           #.......     100%        2    ###....
 Shroud of Golubria       Chrm/Tloc      #.........   100%        2    ###....
 Slow                     Hex            #.......     100%        2    ###....
 Song of Slaying          Chrm           #.......     100%        2    ###....
 Swiftness                Chrm/Air       #.......     100%        2    ###....
 Throw Flame              Conj/Fire      #.....       100%        2    ###....
 Call Canine Familiar     Summ           #.......     100%        3    ####...
 Confuse                  Hex            #.......     100%        3    ####...
 Conjure Flame            Conj/Fire      #.......     100%        3    ####...
 Gell's Gravitas          Tloc           #.........   100%        3    ####...
 Inner Flame              Hex/Fire       #.......     100%        3    ####...
 Lesser Beckoning         Tloc           #.........   100%        3    ####...
 Mephitic Cloud           Conj/Pois/Air  #.......     100%        3    ####...
 Recall                   Summ/Tloc      N/A          100%        3    ####...
 Regeneration             Chrm/Necr      #.........   100%        3    ####...
 Spectral Weapon          Hex/Chrm       #.......     100%        3    ####...
 Static Discharge         Conj/Air       #.......     100%        3    ####...
 Stone Arrow              Conj/Erth      #.....       100%        3    ####...
 Tukima's Dance           Hex            #.......     100%        3    ####...
 Airstrike                Air            #.........   100%        4    #####..
 Petrify                  Tmut/Erth      #.......     100%        4    #####..
 Sticky Flame             Conj/Fire      #.......     100%        4    #####..
 Summon Ice Beast         Ice/Summ       #.......     100%        4    #####..
 Alistair's Intoxication  Tmut/Pois      #.......     100%        5    ######.
 Aura of Abjuration       Summ           #.........   100%        5    ######.
 Bolt of Magma            Conj/Fire/Erth #.........   100%        5    ######.
 Fireball                 Conj/Fire      #.........   100%        5    ######.
 Irradiate                Conj/Tmut      #.........   100%        5    ######.
 Iskenderun's Battlesphe  Conj/Chrm      #.......     100%        5    ######.
 Lightning Bolt           Conj/Air       #.........   100%        5    ######.
 Metabolic Englaciation   Hex/Ice        #.........   100%        5    ######.
 Summon Demon             Summ           #.........   100%        5    ######.
 Summon Forest            Summ/Tloc      #.........   100%        5    ######.
 Summon Mana Viper        Hex/Summ       #.......     100%        5    ######.
 Venom Bolt               Conj/Pois      #.........   100%        5    ######.
 Yara's Violent Unravell  Hex/Tmut       #.........   100%        5    ######.
 Conjure Ball Lightning   Conj/Air       #.........   100%        6    #######
 Hydra Form               Tmut           #.........   100%        6    #######
 Invisibility             Hex            #.......     100%        6    #######
 Iron Shot                Conj/Erth      #.........   100%        6    #######
 Shadow Creatures         Summ           N/A          100%        6    #######
 Statue Form              Tmut/Erth      #........    100%        6    #######
 Dragon Form              Tmut           #.........   100%        7    #######
 Orb of Destruction       Conj           #.........   100%        7    #######
 Spellforged Servitor     Conj/Summ      #.........   100%        7    #######
 Summon Hydra             Summ           #.........   100%        7    #######


Dungeon Overview and Level Annotations

Branches:
Dungeon (15/15)            Temple (1/1) D:6            Lair (6/6) D:8
  Swamp (0/4) Lair:4       Spider (4/4) Lair:2        Slime (0/5) Lair:5
    Orc (2/2) D:9             Elf (0/3) Orc:2        Vaults (2/5) D:14
  Crypt (0/3) Vaults:2     Depths (0/5) D:15

Altars:
Ashenzari
Cheibriados
Dithmenos
Elyvilon
Fedhas
Gozag
Hepliaklqana
Kikubaaqudgha
Nemelex Xobeh
Okawaru
Qazlal
Ru
Sif Muna
Trog
Uskayaw
Vehumet
Wu Jian
Xom
Yredelemnul
Zin
The Shining One
Beogh
Jiyva

Shops:
D:7 *   D:13 (:!   Orc:2 [%*:   Vaults:1 :

Annotations:
D:3 Sigmund
Lair:1 exclusion: oklob plant
Vaults:2 Ziowah's ghost, veteran TeAE


Innate Abilities, Weirdness & Mutations

You have hooves in place of feet.
Armour fits poorly on your strangely shaped body.
You cover ground very quickly.
You have extremely tough skin. (AC +3)
You are dopey. (Int -2)
You are resistant to electric shocks. (rElec)
Your spells are a little harder to cast, but a little more powerful.


Message History

You shoot an arrow.
The arrow completely misses Ziowah's ghost.
The arrow hits the shadow!!
The shadow is severely damaged.
Firing (i - inventory. (/) - cycle)
r - 460 arrows (quivered)
Press: ? - help, Shift-Dir - straight line, f/p - Ziowah's ghost
Aim: Ziowah's ghost, wielding a weapon of flaming (raging winds, covering You shoot an arrow.
The arrow hits the eidolon!!!
The arrow freezes the eidolon.
The eidolon is almost destroyed.
You are engulfed in raging winds.
The shadow is destroyed!
The eidolon is destroyed! x2
You are engulfed in raging winds.
Unknown command.
You are engulfed in raging winds.
Ziowah's ghost screams, "You must not succeed where I failed!"
Ziowah's ghost gestures at you while chanting.
The fireball explodes!
The fireball engulfs you!
You die...

############..§§§§§§§§§.........#
...#...#...#§§§§§§§§§§§§........'
...#...#...#§§§§§§§§§§§.........#
#.###.###.##§§§§§§§§§§§§........#
#.###.###.##§§§§§§(§§§§(.(..(...#
.#...#...#.#§§§§§§§§§§§......)..#
.#...#...#.#§§§§W####§###W......#
###.###.####§§§§§#......#.......#
###.###.####§§§§@#......#.......#
...#...#...#§§§§§#......#.......#
...#...#...§§§§§§#......#.(.....'
#.###.###.##§§§§§#......#(......#
#.# #.# #.#......#......#W..)...#
### #+########...#......#W......#
.# #."...# #...#......#W.)....#
.# #.....# #'####'#####.W.....#
.####|....####..###...#.........#


You could see Ziowah's ghost.

Vanquished Creatures
  Jorgrun (Spider:1)
  A sphinx (D:13)
  A storm dragon (D:13)
  A revenant (Vaults:2)
  3 ghost moths (Spider:4)
  2 vault wardens
  A frost giant (IceCv)
  2 deep elf sorcerers (Vaults:1)
  6 emperor scorpions (Spider:4)
  3 ironheart preservers
  4 entropy weavers
  A vampire knight (Vaults:2)
  Azrael (D:14)
  A dire elephant (D:15)
  3 spark wasps (Spider:4)
  2 ettins (D:13)
  The ghost of Cykl0x the Cleaver, a journeyman GrBe of Trog (Orc:1)
  Josephine (D:14)
  Fannar (Orc:1)
  3 yaktaur captains
  An ice dragon (Vaults:1)
  A rakshasa (D:15)
  A merfolk impaler (Orc:2)
  A catoblepas (Lair:5)
  5 centaur warriors
  7 hydras
  2 dancing weapons (D:14)
  2 death knights
  8 two-headed ogres
  A deep troll earth mage (D:13)
  2 death yaks (Lair:5)
  3 tengu warriors
  3 orc high priests (Orc:2)
  A vampire mage (Vaults:2)
  3 ogre magi
  A deep elf knight (Vaults:1)
  A shadow wraith (Vaults:1)
  The ghost of vierth the Severer, a novice MiFi of the Shining One (D:8)
  A skeletal warrior (D:15)
  3 unseen horrors
  A wizard (Vaults:1)
  An obsidian statue (Vaults:1)
  A phantasmal warrior (Vaults:2)
  A necromancer (Vaults:2)
  12 orc knights
  20 wolf spiders
  6 orc sorcerers
  2 deep elf magi
  16 slime creatures
  15 orb spiders
  19 ugly things
  A moth of wrath (Spider:2)
  7 cyclopes
  A manticore (D:14)
  An elephant (shapeshifter) (D:15)
  Joseph (D:7)
  A vault sentinel (Vaults:2)
  2 black mambas
  An ice statue (IceCv)
  A fire giant skeleton (Vaults:2)
  2 gargoyles
  Maurice (Orc:1)
  17 spiny frogs
  5 centaur skeletons
  A naga mage (D:15)
  A torpor snail (Spider:3)
  A rime drake (Lair:5)
  6 yaktaurs
  5 kobold demonologists
  2 efreet
  6 demonic crawlers
  6 komodo dragons
  5 freezing wraiths
  7 trolls
  2 ice devils (Lair:5)
  7 meliai
  5 tyrant leeches (Lair:6)
  17 polar bears
  Prince Ribbit (D:7)
  A jumping spider (shapeshifter) (Vaults:2)
  24 jumping spiders
  6 hornets
  4 hippogriffs
  13 dream sheep
  9 blink frogs (Lair:6)
  A human simulacrum (Vaults:1)
  3 shadows
  43 yaks
  3 wyverns
  2 vampires
  70 redbacks
  A basilisk (shapeshifter) (D:15)
  12 wraiths
  A hog (shapeshifter) (D:14)
  20 tarantellas
  2 basilisks
  4 fire elementals (D:14)
  3 hungry ghosts
  8 vampire mosquitoes
  A yaktaur simulacrum (Vaults:2)
  4 soldier ants
  5 water moccasins
  4 wargs
  2 hell hounds (D:14)
  An acid dragon (D:11)
  32 orc warriors
  3 porcupines
  3 black bears
  2 hornet zombies
  6 sky beasts
  3 ice beasts
  4 phantoms
  16 wolves
  2 eyes of draining
  27 ogres
  11 centaurs
  9 crocodiles
  A human skeleton (Vaults:2)
  26 bullfrogs
  5 big kobolds
  A wyvern zombie (D:7)
  7 scorpions
  A water moccasin skeleton (D:6)
  10 killer bees
  21 wights
  An electric eel (D:10)
  7 howler monkeys
  6 crimson imps
  A bullfrog zombie (D:13)
  2 quasits
  5 centaur zombies
  8 hounds
  20 jellies
  25 orc priests
  Crazy Yiuf (D:2)
  Jessica (D:12)
  5 bullfrog skeletons
  6 iguanas
  32 orc wizards
  12 worker ants
  A hound zombie (D:9)
  2 worker ant zombies
  Robin (D:3)
  6 adders
  8 gnolls (D:2)
  3 howler monkey skeletons
  A river rat (Sewer)
  2 shadow imps
  4 oozes
  2 adder zombies
  2 adder skeletons
  5 worms
  A dart slug (D:1)
  4 leopard geckos
  93 orcs
  A ball python (D:3)
  9 giant cockroaches
  11 goblins
  9 hobgoblins
  10 jackals
  5 quokkas
  A ball python skeleton (D:4)
  9 bats
  A frilled lizard (D:1)
  2 jackal skeletons (D:4)
  2 jackal zombies
  21 kobolds
  A leopard gecko skeleton (D:6)
  A quokka skeleton (D:5)
  11 rats
  A fungus (Lair:6)
1093 creatures vanquished.

Vanquished Creatures (collateral kills)
  3 slime creatures (D:13)
  A plant (Lair:1)
4 creatures vanquished.

Vanquished Creatures (others)
  2 eidola (Vaults:2)
  A hippogriff (Lair:1)
  A shadow (Vaults:2)
  An orc wizard (D:6)
  5 fungi
  26 plants
36 creatures vanquished.

Grand Total: 1133 creatures vanquished

Notes
Turn   | Place    | Note
-------+----------+-------------------------------------------
     0 | D:1      | Morbidden the Centaur Hunter began the quest for the Orb.
     0 | D:1      | Reached XP level 1. HP: 17/17 MP: 1/1
   203 | D:1      | Reached XP level 2. HP: 24/24 MP: 2/2
   240 | D:1      | Reached skill level 6 in Bows
   791 | D:2      | Reached XP level 3. HP: 12/29 MP: 3/3
   795 | D:2      | Reached skill level 7 in Bows
   994 | D:2      | Reached XP level 4. HP: 21/36 MP: 4/4
   997 | D:2      | Found a faded altar of an unknown god.
  1159 | D:2      | Reached skill level 8 in Bows
  1485 | D:2      | Found a runed door.
  1489 | D:2      | Noticed Crazy Yiuf
  1546 | D:2      | Killed Crazy Yiuf
  1546 | D:2      | Reached XP level 5. HP: 41/41 MP: 5/5
  1767 | D:3      | Found a glowing drain.
  1776 | Sewer    | Entered a sewer
  2042 | Sewer    | Reached skill level 9 in Bows
  2062 | Sewer    | Found a white marble altar of Elyvilon.
  2177 | D:3      | Reached XP level 6. HP: 37/48 MP: 6/6
  2231 | D:3      | Noticed Robin
  2241 | D:3      | Killed Robin
  2326 | D:3      | Noticed Sigmund
  2583 | D:4      | Reached skill level 1 in Armour
  2641 | D:4      | Reached skill level 10 in Bows
  2741 | D:4      | Reached XP level 7. HP: 48/56 MP: 7/7
  3042 | D:4      | Found a stormy altar of Qazlal.
  3440 | D:5      | Entered Level 5 of the Dungeon
  3545 | D:5      | Reached skill level 11 in Bows
  3786 | D:5      | Reached XP level 8. HP: 63/63 MP: 8/8
  3813 | D:5      | Found an ornate altar of the Wu Jian Council.
  3814 | D:5      | Found a hide-covered altar of Uskayaw.
  4274 | D:6      | Found a staircase to the Ecumenical Temple.
  4294 | Temple   | Entered the Ecumenical Temple
  4405 | Temple   | Became a worshipper of Warmaster Okawaru
  4516 | D:6      | Reached skill level 12 in Bows
  4665 | D:6      | Reached * piety under Okawaru
  4744 | D:6      | Reached skill level 5 in Fighting
  4842 | D:6      | Reached XP level 9. HP: 70/74 MP: 9/9
  5762 | D:7      | Noticed Joseph
  5775 | D:7      | Killed Joseph
  5775 | D:7      | Reached ** piety under Okawaru
  5775 | D:7      | Reached skill level 13 in Bows
  5775 | D:7      | Reached skill level 1 in Invocations
  5784 | D:7      | Found a hazy altar of Hepliaklqana.
  5852 | D:7      | Noticed Prince Ribbit
  5875 | D:7      | Killed Prince Ribbit
  6030 | D:7      | Found Exomy's General Store.
  6439 | D:8      | Found a runed gate.
  6439 | D:8      | Found a runed gate.
  6457 | D:8      | Found a runed gate.
  6469 | D:8      | Noticed vierth's ghost (novice MiFi)
  6527 | D:8      | Reached skill level 14 in Bows
  6635 | D:8      | Found a staircase to the Lair.
  6697 | D:8      | Reached *** piety under Okawaru
  6790 | D:8      | Reached XP level 10. HP: 71/84 MP: 11/11
  6851 | D:8      | Identified Pifoch's Spellcasting, Part One
  6855 | D:8      | Identified the +2 leather armour of Watchfulness {-Tele rF+
                  | rCorr MP+9 Dex+4} (You found it on level 8 of the Dungeon)
  6877 | D:8      | Found a blossoming altar of Fedhas.
  7030 | D:8      | Reached skill level 5 in Armour
  7247 | D:8      | Found a viscous altar of Jiyva.
  7321 | D:8      | Killed vierth's ghost
  7321 | D:8      | Reached **** piety under Okawaru
  7491 | D:9      | Noticed a two-headed ogre
  7498 | D:9      | Killed a two-headed ogre
  7755 | D:9      | Found a runed door.
  7799 | D:9      | Received a gift from Okawaru
  7913 | D:9      | Reached skill level 10 in Fighting
  7943 | D:9      | Reached XP level 11. HP: 79/101 MP: 12/12
  7971 | D:9      | Reached ***** piety under Okawaru
  7985 | D:9      | Paralysed by a hornet for 3 turns
  8606 | D:9      | Received a gift from Okawaru
  8781 | D:9      | Found a staircase to the Orcish Mines.
  8991 | D:9      | Noticed an orc knight
  9086 | D:9      | Killed an orc knight
  9191 | D:9      | Found a roughly hewn altar of Beogh.
  9304 | D:10     | Entered Level 10 of the Dungeon
  9461 | D:10     | Received a gift from Okawaru
  9884 | Lair:1   | Entered Level 1 of the Lair of Beasts
 10253 | Lair:1   | Noticed an oklob plant
 11026 | Lair:2   | Found a hole to the Spider Nest.
 11026 | Lair:2   | Noticed an orb spider
 11030 | Lair:2   | Killed an orb spider
 11600 | Lair:3   | Reached skill level 15 in Bows
 11924 | Lair:3   | Received a gift from Okawaru
 12616 | Lair:4   | Found a staircase to the Swamp.
 12622 | Lair:4   | Received a gift from Okawaru
 12622 | Lair:4   | Reached XP level 12. HP: 112/112 MP: 13/13
 12649 | Lair:4   | Noticed a six-headed hydra
 12674 | Lair:4   | Killed a six-headed hydra
 12878 | Lair:4   | Reached skill level 16 in Bows
 12983 | Lair:4   | Noticed a seven-headed hydra
 12988 | Lair:4   | Killed a seven-headed hydra
 13473 | Lair:5   | Noticed a death yak
 13507 | Lair:5   | Killed a death yak
 13595 | Lair:5   | Noticed a seven-headed hydra
 13600 | Lair:5   | Killed a seven-headed hydra
 13600 | Lair:5   | Reached skill level 17 in Bows
 13698 | Lair:5   | Found a staircase to the Slime Pits.
 13829 | Lair:5   | Found a frozen archway.
 13843 | IceCv    | Entered an ice cave
 14061 | IceCv    | Reached skill level 18 in Bows
 14198 | IceCv    | Received a gift from Okawaru
 14316 | IceCv    | Reached XP level 13. HP: 96/119 MP: 15/15
 14322 | IceCv    | Noticed a frost giant
 14351 | IceCv    | Killed a frost giant
 14517 | IceCv    | Got a jewelled battleaxe
 14530 | IceCv    | Identified the cursed +3 battleaxe "Hydrabane" {freeze, rF-
                  | Str+3} (You found it in an ice cave)
 14874 | Lair:5   | Reached skill level 19 in Bows
 15366 | Lair:6   | Entered Level 6 of the Lair of Beasts
 15567 | Lair:6   | Received a gift from Okawaru
 15807 | Lair:6   | Received a gift from Okawaru
 15956 | Lair:6   | Reached skill level 20 in Bows
 16132 | Lair:6   | Reached ****** piety under Okawaru
 16132 | Lair:6   | Reached skill level 5 in Invocations
 16235 | Lair:6   | Received a gift from Okawaru
 17143 | D:11     | Received a gift from Okawaru
 17276 | D:11     | Reached XP level 14. HP: 130/130 MP: 18/18
 17537 | D:11     | Received a gift from Okawaru
 18473 | D:12     | Noticed Jessica
 18474 | D:12     | Killed Jessica
 18483 | D:12     | Found a deep blue altar of Sif Muna.
 18707 | D:13     | Found Pupeuxte's Distillery.
 18722 | D:13     | Bought a potion of curing for 45 gold pieces
 18722 | D:13     | Bought a potion of curing for 45 gold pieces
 18722 | D:13     | Bought a potion of curing for 45 gold pieces
 18722 | D:13     | Bought a potion of curing for 45 gold pieces
 18952 | D:13     | Found Efusist's Antique Weapon Shoppe.
 19043 | D:13     | Received a gift from Okawaru
 19125 | D:13     | Noticed a storm dragon
 19139 | D:13     | Killed a storm dragon
 19139 | D:13     | Received a gift from Okawaru
 19139 | D:13     | Reached skill level 15 in Fighting
 19145 | D:13     | HP: 10/202 [large slime creature (27)]
 19151 | D:13     | HP: 4/202 [slime creature (5)]
 19161 | D:13     | Gained mutation: You are dopey. (Int -2) [potion of
                  | mutation]
 19161 | D:13     | Gained mutation: Your spells are a little harder to cast,
                  | but a little more powerful. [potion of mutation]
 19161 | D:13     | Gained mutation: You are resistant to electric shocks.
                  | (rElec) [potion of mutation]
 19395 | D:13     | Received a gift from Okawaru
 19563 | D:13     | Noticed a sphinx
 19571 | D:13     | Killed a sphinx
 19823 | D:13     | Found Bemen's Book Shoppe.
 19879 | D:14     | Received a gift from Okawaru
 19908 | D:14     | Noticed Josephine
 19920 | D:14     | Killed Josephine
 19921 | D:14     | Reached XP level 15. HP: 85/144 MP: 20/20
 20057 | D:14     | Found a gate to the Vaults.
 20137 | D:14     | Received a gift from Okawaru
 20140 | D:14     | Got a pair of twisted gloves {god gift}
 20159 | D:14     | Identified the +2 pair of gloves of Okawaru's Indignation
                  | {+Inv rCorr} (Okawaru gifted it to you on level 14 of the
                  | Dungeon)
 20564 | D:14     | Noticed Azrael
 20576 | D:14     | Killed Azrael
 20763 | D:15     | Entered Level 15 of the Dungeon
 20853 | D:15     | Paralysed by an orc sorcerer for 3 turns
 20970 | D:15     | Found a staircase to the Depths.
 21381 | D:15     | Found an ornate altar of the Wu Jian Council.
 21451 | D:15     | Found a shimmering altar of Xom.
 21611 | D:15     | Found a sacrificial altar of Ru.
 21992 | Orc:1    | Entered Level 1 of the Orcish Mines
 21992 | Orc:1    | Noticed Maurice
 21995 | Orc:1    | Killed Maurice
 22216 | Orc:1    | Noticed Fannar
 22222 | Orc:1    | Killed Fannar
 22369 | Orc:2    | Entered Level 2 of the Orcish Mines
 22378 | Orc:2    | Found a runed gate.
 22378 | Orc:2    | Found a runed gate.
 22378 | Orc:2    | Found a runed gate.
 22378 | Orc:2    | Noticed Cykl0x's ghost (journeyman GrBe)
 22392 | Orc:2    | Received a gift from Okawaru
 22405 | Orc:2    | Found an iron altar of Okawaru.
 22818 | Orc:2    | Found a staircase to the Elven Halls.
 22987 | Orc:2    | Found Ohueptih's Book Shoppe.
 23024 | Orc:2    | Found Eloahar's Food Boutique.
 23062 | Orc:2    | Found Gaur's Antique Armour Boutique.
 23072 | Orc:2    | Found Foklat's General Store.
 23109 | Orc:2    | Bought the +3 crown of Dyrovepreva {rElec Int+2 SInv} for
                  | 1449 gold pieces
 23109 | Orc:2    | Found the +3 crown of Dyrovepreva {rElec Int+2 SInv}
 23127 | Orc:2    | Bought a shiny plate armour for 910 gold pieces
 23127 | Orc:2    | Bought a runed cloak for 262 gold pieces
 23241 | Orc:1    | Killed Cykl0x's ghost
 23242 | Orc:1    | Received a gift from Okawaru
 23242 | Orc:1    | Reached XP level 16. HP: 120/157 MP: 21/21
 23384 | Orc:2    | Got a clouded golden ring
 23387 | Orc:2    | Identified the ring "Umiar" {rF+ Str+5} (You found it on
                  | level 2 of the Orcish Mines)
 23606 | Spider:1 | Entered Level 1 of the Spider Nest
 23691 | Spider:1 | Received a gift from Okawaru
 23729 | Spider:1 | Received a gift from Okawaru
 23985 | Spider:1 | Reached skill level 10 in Armour
 24106 | Spider:1 | Noticed Jorgrun
 24115 | Spider:1 | Killed Jorgrun
 25257 | Spider:2 | Reached skill level 1 in Axes
 25835 | Spider:3 | Received a gift from Okawaru
 25838 | Spider:3 | Got a faintly glowing centaur barding {god gift}
 25854 | Spider:3 | Identified the +0 centaur barding of Weightlessness {rN+}
                  | (Okawaru gifted it to you on level 3 of the Spider Nest)
 26257 | Spider:3 | Reached skill level 5 in Dodging
 26389 | Spider:4 | Entered Level 4 of the Spider Nest
 26904 | Spider:4 | Identified the Guide on Cloudy Clay
 27064 | Spider:4 | Reached XP level 17. HP: 168/168 MP: 22/22
 27190 | Spider:4 | Received a gift from Okawaru
 27271 | Spider:4 | Received a gift from Okawaru
 27278 | Spider:4 | Got a gossamer rune of Zot
 27884 | Vaults:1 | Entered Level 1 of the Vaults
 28099 | Vaults:1 | Found Uclag's Book Shoppe.
 28909 | Vaults:1 | Received a gift from Okawaru
 29930 | Vaults:2 | Found a staircase to the Crypt.
 29935 | Vaults:2 | Received a gift from Okawaru
 29943 | Vaults:2 | Got an ancient battleaxe {god gift}
 29944 | Vaults:2 | Identified the +4 battleaxe of Doors {flame, +Rage Int+4
                  | Stlth+} (Okawaru gifted it to you on level 2 of the Vaults)
 30007 | Vaults:2 | Reached skill level 5 in Axes
 30251 | Vaults:2 | Found a runed gate.
 30251 | Vaults:2 | Found a runed gate.
 30251 | Vaults:2 | Found a runed gate.
 30253 | Vaults:2 | Noticed Ziowah's ghost (veteran TeAE)
 30254 | Vaults:2 | Found the +10 Black Knight's horse barding {ponderous,
                  | rPois rN+}
 30314 | Vaults:2 | Killed from afar by Ziowah's ghost

Skill      XL: |  1  2  3  4  5  6  7  8  9 10 11 12 13 14 15 16 17 |
---------------+----------------------------------------------------+-----
Bows           | 6 7 8 9 10 11 12 14 15 18 20 | 20.0
Armour         | 1 3 4 5 6 7 8 9 11 12 | 12.1
Dodging        | 2 3 5 6 |  6.2
Fighting       | 3 5 6 10 12 13 16 18 19 | 19.9
Invocations    | 2 3 6 7 |  7.5
Axes           | 3 5 |  5.1
Stealth        | |  0.4

Action                   |  1- 3 |  4- 6 |  7- 9 | 10-12 | 13-15 | 16-18 || total
-------------------------+-------+-------+-------+-------+-------+-------++-------
Melee: Dagger            |    45 |   133 |       |       |       |       ||   178
       Kick              |     7 |    33 |    33 |       |     4 |     3 ||    80
       Flail             |       |       |   192 |       |       |       ||   192
       Executioner's axe |       |       |       |       |     9 |     6 ||    15
       Longbow           |       |       |       |       |     3 |       ||     3
 Fire: Shortbow          |    43 |    91 |   176 |   348 |       |       ||   658
       Longbow           |       |       |       |   329 |  1217 |   806 ||  2352
Throw: Tomahawk          |       |     6 |     9 |       |       |       ||    15
Invok: Heroism           |       |       |     1 |     4 |     6 |       ||    11
       Finesse           |       |       |       |       |     3 |       ||     3
Evoke: Wand              |       |       |       |     3 |       |       ||     3
  Use: Scroll            |       |     5 |     7 |    10 |    16 |    11 ||    49
       Potion            |       |     1 |     1 |     2 |    11 |     2 ||    17
  Eat: Chunk             |       |     4 |     9 |    14 |    20 |    13 ||    60
       Ration            |       |       |       |     1 |       |     1 ||     2
Armor: Leather armour    |    39 |    88 |     4 |       |       |       ||   131
       Chain mail        |       |       |    66 |       |       |       ||    66
       Plate armour      |       |       |   122 |    81 |   225 |   264 ||   692
       Skin              |       |       |    10 |     5 |    11 |       ||    26
Dodge: Dodged            |    37 |   105 |    64 |    28 |    52 |    43 ||   329
       Deflected         |       |       |       |       |       |     4 ||     4
